[Event "Team 45 45 League T72"]
[Site "Internet Chess Club"]
[Date "2017.03.15"]
[Round "1"]
[White "SeniorCitizen"]
[Black "Xbug"]
[Result "0-1"]
[WhiteElo "1256"]
[BlackElo "1141"]
[Opening "Sicilian: Pelikan (Lasker/Sveshnikov) variation"]
[ECO "B23"]
[Time "14:07:43"]
[TimeControl "2700+45"]

1. e4 c5 2. Nc3 Nc6 3. Nf3 Nf6 4. d4 cxd4 5. Nxd4 e5 6. Nb3 Bb4 7. Bd3 Bxc3+ 8.
bxc3 O-O 9. O-O d6 10. Bg5 h6 11. Bh4 Be6 12. Kh1 Rc8 13. f4 exf4 14. Be1 Bg4
15. Qc1 g5 16. Nd4 Re8 17. Nf5 Kh7 18. Qa3 Nxe4 19. Nxd6 Qe7 20. Bxe4+ Kg8 21.
Bxc6 Rxc6 22. Qxa7 Rxd6 23. Qf2 Rc6 24. h3 Bf5 25. h4 Qe2 26. hxg5 Qxf2 27. Rxf2
hxg5 28. g3 Rce6 29. Bd2 Re2 30. Kg1 Rxf2 31. Kxf2 fxg3+ 32. Kxg3 f6 33. Re1
Rxe1 34. Bxe1 Bxc2 35. Kg4 Kg7 36. Kh5 Bd1# {White checkmated} 0-1

[Event "Team 45 45 League T72"]
[Site "Internet Chess Club"]
[Date "2017.03.20"]
[Round "1"]
[White "olivermx"]
[Black "mongmong"]
[Result "1/2-1/2"]
[WhiteElo "1313"]
[BlackElo "1490"]
[Opening "French: exchange variation"]
[ECO "C01"]
[Time "20:00:21"]
[TimeControl "2700+45"]

1. e4 e6 2. d4 d5 3. exd5 exd5 4. Nf3 Bd6 5. Be3 Ne7 6. Bd3 Bg4 7. Nbd2 Nf5 8.
Bxf5 Bxf5 9. h3 h6 10. O-O O-O 11. Re1 Nd7 12. c3 Nf6 13. Nh2 Qd7 14. Qf3 Bg6
15. Bf4 Bxf4 16. Qxf4 Rfe8 17. Ndf3 Rxe1+ 18. Rxe1 Re8 19. Rxe8+ Nxe8 20. Ne5
Qf5 21. Qxf5 Bxf5 22. g4 Bc8 23. Kg2 f6 24. Ng6 Kf7 25. Nf4 c6 26. Kg3 Nd6 27.
f3 Nc4 28. b3 Ne3 29. Ne2 Nc2 30. Nf1 f5 31. Nd2 fxg4 32. fxg4 Na3 33. Kf4 Kf6
34. c4 g5+ 35. Kg3 Be6 36. Nc3 dxc4 37. bxc4 Nxc4 38. Nxc4 Bxc4 39. a3 a5 40.
Ne4+ Kg6 41. Nd6 Ba6 42. Ne4 Bd3 43. Nc5 Bc4 44. Nxb7 a4 45. Na5 Bb3 {Game drawn
by mutual agreement} 1/2-1/2

[Event "Team 45 45 League T72"]
[Site "Internet Chess Club"]
[Date "2017.03.19"]
[Round "1"]
[White "tasawyer81"]
[Black "oldmastermind"]
[Result "0-1"]
[WhiteElo "1152"]
[BlackElo "1341"]
[Opening "French defense"]
[ECO "C01"]
[Time "19:11:27"]
[TimeControl "2700+45"]

1. d4 e6 2. e4 c6 3. Nc3 d5 4. e5 c5 5. Nf3 c4 6. Bd2 Bb4 7. a3 Ba5 8. b4 cxb3
9. cxb3 Nc6 10. Bd3 Bb6 11. Nb5 Bc7 12. Kf1 Bb8 13. g3 a6 14. Nc3 Ba7 15. Be3
Nge7 16. Kg2 O-O 17. Re1 Bd7 18. Qc2 g6 19. Bh6 Re8 20. Qd2 Nxd4 21. Nxd4 Bxd4
22. Qg5 Nf5 23. Bxf5 Qxg5 24. Bxg5 Bxc3 {White resigns} 0-1

[Event "Team 45 45 League T72"]
[Site "Internet Chess Club"]
[Date "2017.03.18"]
[Round "1"]
[White "SeniorCitizen"]
[Black "Toalla"]
[Result "1/2-1/2"]
[WhiteElo "1280"]
[BlackElo "1271"]
[Opening "Caro-Kann defense"]
[ECO "B12"]
[Time "12:10:03"]
[TimeControl "2700+45"]

1. e4 c6 2. d4 g6 3. Nf3 Bg7 4. Bc4 d5 5. exd5 cxd5 6. Bb3 Nc6 7. c3 Nf6 8. O-O
O-O 9. Bf4 Nh5 10. Be3 Nf6 11. Bc2 Ng4 12. Qd2 Nxe3 13. Qxe3 f6 14. Nbd2 e5 15.
Nb3 exd4 16. Nfxd4 Nxd4 17. Nxd4 Re8 18. Qd2 Bd7 19. Rfe1 Qc7 20. Rxe8+ Rxe8 21.
Re1 Re5 22. Bb3 Rxe1+ 23. Qxe1 Qd6 24. Qe3 Qe5 25. Qxe5 fxe5 26. Bxd5+ Kf8 27.
Ne6+ Bxe6 28. Bxe6 b6 29. Kf1 g5 30. Bf5 h6 31. g4 Ke7 32. Ke2 Kd6 33. Kd3 b5
34. b4 Kd5 35. Be4+ Kd6 36. c4 bxc4+ 37. Kxc4 Bf8 38. a4 Kc7 39. f3 Kd6 40. b5
Be7 41. h3 Bd8 42. Kb4 Bb6 43. a5 Bc5+ 44. Kc4 Be3 {Game drawn by mutual
agreement} 1/2-1/2

[Event "Team 45 45 League T72"]
[Site "Internet Chess Club"]
[Date "2017.03.19"]
[Round "1"]
[White "WzeroMN"]
[Black "oldbookseller"]
[Result "1-0"]
[WhiteElo "1175"]
[BlackElo "955"]
[Opening "Ruy Lopez: Berlin defense, Beverwijk variation"]
[ECO "C65"]
[Time "15:00:53"]
[TimeControl "2700+45"]

1. e4 e5 2. Nf3 Nc6 3. Bb5 Nf6 4. O-O Bc5 5. Re1 O-O 6. Bxc6 dxc6 7. Nxe5 Qe8 8.
d4 Bb6 9. c3 c5 10. Be3 Nxe4 11. Nc4 Qb5 12. Qb3 Bd7 13. Qxb5 Bxb5 14. Nxb6 axb6
15. Nd2 Rfe8 16. Nxe4 Rxe4 17. dxc5 Rae8 18. cxb6 cxb6 19. Rad1 Ba6 20. Bd2 Be2
21. Rc1 Rd8 22. f3 Re6 23. Kf2 Bc4 24. Be3 g5 25. Red1 Rde8 26. Re1 h6 27. Rcd1
f5 28. Bxb6 Re2+ 29. Rxe2 Rxe2+ 30. Kg3 f4+ 31. Kg4 Rxg2+ 32. Kf5 Kf7 33. Rd7+
Ke8 34. Rd8+ Kf7 35. Rd7+ Ke8 36. Rxb7 Bd3+ 37. Kf6 Re2 38. Rb8+ Kd7 39. Rd8+
Kc6 40. Rxd3 Kxb6 41. Rd6+ Kc5 42. Re6 Rxb2 43. Kg6 Rxh2 44. a4 Ra2 45. Kxh6
Rh2+ 46. Kxg5 Rg2+ 47. Kxf4 Ra2 48. Ra6 Kc4 49. Ke4 Kxc3 50. f4 Re2+ 51. Kf3 Re8
52. Rc6+ Kd3 53. a5 Re3+ 54. Kg4 Re4 55. Rc5 Ke3 56. Re5 Kd3 57. Rxe4 Kxe4 58.
a6 {Black resigns} 1-0

[Event "Team 45 45 League T72"]
[Site "Internet Chess Club"]
[Date "2017.03.19"]
[Round "1"]
[White "guyd52"]
[Black "drsigmund1"]
[Result "0-1"]
[WhiteElo "1323"]
[BlackElo "1422"]
[Opening "Réti opening"]
[ECO "A04"]
[Time "19:08:27"]
[TimeControl "2700+45"]

1. Nf3 h6 2. g3 Nc6 3. Bg2 e5 4. d3 d5 5. Nbd2 Nf6 6. O-O Bg4 7. e4 d4 8. c3 Bc5
9. Qc2 Bb6 10. b4 a6 11. a3 dxc3 12. Qxc3 Nd4 13. Nxd4 Bxd4 14. Qc2 Bxa1 15. Bb2
Bxb2 16. Qxb2 O-O 17. Qxe5 Qxd3 18. Qb2 Rad8 19. Nb3 b6 20. f3 Be6 21. Nc1 Qe3+
22. Kh1 Rd2 23. Qb3 Bxb3 {White resigns} 0-1

[Event "Team 45 45 League T72"]
[Site "Internet Chess Club"]
[Date "2017.03.20"]
[Round "1"]
[White "dabodhi"]
[Black "liujf"]
[Result "0-1"]
[WhiteElo "1282"]
[BlackElo "1625"]
[Opening "Bishop's opening: Classical variation"]
[ECO "C23"]
[Time "19:27:09"]
[TimeControl "2700+45"]

1. e4 e5 2. Bc4 Bc5 3. Nc3 Nf6 4. d3 c6 5. Nf3 O-O 6. Nxe5 d6 7. Nf3 d5 8. exd5
Re8+ 9. Ne2 cxd5 10. Bb3 Bg4 11. Bg5 Bxf3 12. gxf3 h6 13. Bh4 Nc6 14. Qd2 Nd4
15. O-O-O Rxe2 16. Qf4 Nxb3+ 17. axb3 Bd6 18. Qd4 Be5 19. Qb4 Qc7 20. Rd2 Bf4
21. Bxf6 Bxd2+ 22. Kb1 {White resigns} 0-1

[Event "Team 45 45 League T72"]
[Site "Internet Chess Club"]
[Date "2017.03.18"]
[Round "1"]
[White "PsyMar"]
[Black "Just-Jim"]
[Result "0-1"]
[WhiteElo "1244"]
[BlackElo "1285"]
[Opening "Lengfellner system"]
[ECO "B07"]
[Time "10:00:38"]
[TimeControl "2700+45"]

1. e4 d6 2. d4 e6 3. c4 c6 4. Nc3 Be7 5. Qg4 Bf6 6. Nf3 e5 7. Qh5 exd4 8. e5
dxe5 9. Ne4 g6 10. Nxf6+ Nxf6 11. Qxe5+ Be6 12. Bg5 Nbd7 13. Qxd4 Qa5+ 14. Nd2
O-O-O 15. Bxf6 Nxf6 16. Qc3 Qxc3 17. bxc3 Kb8 18. O-O-O Ng4 19. Ne4 Rxd1+ 20.
Kxd1 Rd8+ 21. Ke2 Bxc4+ 22. Kf3 Ne5+ 23. Kg3 Bxf1 24. Rxf1 Rd3+ 25. f3 f5 26.
Nf6 h5 27. Kf4 Nf7 28. Re1 a6 29. c4 Rd4+ 30. Kg3 f4+ 31. Kh4 Rd2 32. Re8+ Ka7
33. c5 Rxg2 34. Re7 Nh6 35. h3 Nf5# {White checkmated} 0-1

[Event "Team 45 45 League T72"]
[Site "Internet Chess Club"]
[Date "2017.03.18"]
[Round "1"]
[White "Xbug"]
[Black "chips"]
[Result "1/2-1/2"]
[WhiteElo "1143"]
[BlackElo "1193"]
[Opening "QGA: 3.Nf3"]
[ECO "D21"]
[Time "08:38:28"]
[TimeControl "2700+45"]

1. d4 d5 2. c4 dxc4 3. Nf3 e6 4. Nc3 Bb4 5. Bd2 Nf6 6. e3 Bxc3 7. Bxc3 Qd5 8.
Qa4+ Qc6 9. Qxc6+ Nxc6 10. Bxc4 O-O 11. O-O a6 12. a4 Ne4 13. Rfc1 b6 14. Bd3
Nf6 15. Rcb1 Bb7 16. b4 Nb8 17. b5 a5 18. Rc1 Bxf3 19. gxf3 Nbd7 20. Ra2 Rac8
21. Rac2 c5 22. dxc5 Rxc5 23. Bd4 Rxc2 24. Rxc2 Rb8 25. Be4 e5 26. Bb2 Nxe4 27.
fxe4 {Game drawn by mutual agreement} 1/2-1/2

[Event "Team 45 45 League T72"]
[Site "Internet Chess Club"]
[Date "2017.03.19"]
[Round "1"]
[White "Electryon"]
[Black "rhayder"]
[Result "1-0"]
[WhiteElo "1433"]
[BlackElo "1152"]
[Opening "English, 1...Nf6 (Anglo-Indian defense)"]
[ECO "A15"]
[Time "18:11:26"]
[TimeControl "2700+45"]

1. c4 Nf6 2. g3 g6 3. Bg2 Bg7 4. Nc3 O-O 5. e4 d6 6. Nge2 Nbd7 7. O-O e5 8. d3
Re8 9. h3 Rb8 10. Be3 b6 11. Qd2 Nc5 12. d4 Nb7 13. Rad1 Bd7 14. dxe5 dxe5 15.
Bg5 Qc8 16. Bxf6 Bxh3 17. Bxh3 Qxh3 18. Bxg7 Kxg7 19. Qd7 Nc5 20. Qxh3 {Black
resigns} 1-0

[Event "Team 45 45 League T72"]
[Site "Internet Chess Club"]
[Date "2017.03.16"]
[Round "1"]
[White "carey69"]
[Black "Aquaman"]
[Result "0-1"]
[WhiteElo "1044"]
[BlackElo "1383"]
[Opening "Sicilian: Hungarian variation"]
[ECO "B27"]
[Time "20:00:32"]
[TimeControl "2700+45"]

1. e4 c5 2. Nf3 g6 3. Nc3 Bg7 4. Bc4 Nc6 5. O-O d6 6. d3 Nf6 7. Ng5 O-O 8. Bxf7+
Rxf7 9. Nxf7 Kxf7 10. Re1 Bg4 11. Qd2 Be6 12. b3 Qc7 13. Bb2 Rf8 14. Nd5 Bxd5
15. exd5 Ne5 16. c4 Kg8 17. d4 cxd4 18. Bxd4 b6 19. Qe2 Re8 20. Rad1 Nh5 21. Rc1
Nf4 22. Qd2 Bh6 23. Kh1 Nf7 24. Be3 g5 25. g3 Nh3 26. Bd4 g4 27. Be3 Nhg5 28.
Qd4 Nf3 29. Qxg4+ N3g5 30. h4 Ne5 31. Qd1 Ne4 32. Rc2 Bxe3 33. Rxe3 Ng4 34. Rf3
Qc5 35. Rf4 Ngxf2+ 36. Rfxf2 Nxf2+ 37. Rxf2 Qxf2 38. Qg4+ Kh8 39. h5 Rg8 40. Qe6
Qxg3 41. Qxg8+ Kxg8 42. c5 dxc5 43. b4 cxb4 44. a3 Qxa3 45. Kg2 b3 46. d6 exd6
47. h6 b2 48. Kf2 b1=Q 49. Kg2 Qbb2+ 50. Kf1 Qaa1# {White checkmated} 0-1

[Event "Team 45 45 League T72"]
[Site "Internet Chess Club"]
[Date "2017.03.17"]
[Round "1"]
[White "artspir"]
[Black "Rbug"]
[Result "1-0"]
[WhiteElo "1200"]
[BlackElo "1044"]
[Opening "Queen's pawn game, Chigorin variation"]
[ECO "D02"]
[Time "19:00:39"]
[TimeControl "2700+45"]

1. d4 d5 2. Nf3 Nc6 3. Bf4 Bf5 4. c3 Nf6 5. Nbd2 e6 6. e3 Bd6 7. Ne5 Bxe5 8.
dxe5 Nh5 9. Qxh5 h6 10. Bb5 g6 11. Qf3 h5 12. h3 g5 13. Bh2 g4 14. Qd1 gxh3 15.
Rg1 hxg2 16. Rxg2 Qh4 17. Nf3 Qh3 18. Rg3 Qxg3 19. Bxg3 Bg4 20. Qa4 Kd7 21. Nd4
a6 22. Bxc6+ bxc6 23. Qxc6+ Ke7 24. Bh4+ f6 25. Qxc7+ Kf8 26. Bxf6 Rh7 27. Qxh7
Ra7 28. Qxa7 h4 {Black resigns} 1-0

[Event "Team 45 45 League T72"]
[Site "Internet Chess Club"]
[Date "2017.03.16"]
[Round "1"]
[White "vedv"]
[Black "GiantsFan"]
[Result "0-1"]
[WhiteElo "932"]
[BlackElo "1165"]
[Opening "Giuoco Pianissimo: Canal variation"]
[ECO "C47"]
[Time "17:00:13"]
[TimeControl "2700+45"]

1. e4 e5 2. Nf3 Nc6 3. Nc3 Nf6 4. Bc4 Bc5 5. d3 d6 6. Bg5 h6 7. Bxf6 Qxf6 8. Nd5
Qd8 9. Qe2 Be6 10. O-O-O Qd7 11. Bb5 a6 12. Bxc6 Qxc6 13. d4 exd4 14. Nxd4 Bxd4
15. Rxd4 Qd7 16. f4 O-O-O 17. e5 Bxd5 18. Rxd5 Qe6 19. Rhd1 dxe5 20. Rxd8+ Rxd8
21. fxe5 Qxa2 22. Rxd8+ Kxd8 23. Qd3+ Ke7 24. Qf5 Qa1+ 25. Kd2 Qxb2 26. g4 Qd4+
27. Kc1 Qg1+ 28. Kb2 Qxh2 29. Kb3 Qg3+ 30. c3 f6 31. exf6+ gxf6 32. Qe4+ Qe5 33.
Qxb7 Qb5+ 34. Qxb5 axb5 35. Kb4 f5 36. gxf5 h5 37. Kxb5 h4 38. Kc6 h3 39. f6+
Kxf6 40. Kxc7 h2 41. c4 h1=Q 42. c5 Qc1 43. c6 Ke6 44. Kb7 Kd6 45. c7 Qxc7+ 46.
Ka6 Qb8 47. Ka5 Kc5 48. Ka6 Qb6# {White checkmated} 0-1

[Event "Team 45 45 League T72"]
[Site "Internet Chess Club"]
[Date "2017.03.19"]
[Round "1"]
[White "santiagoelawad"]
[Black "alexping"]
[Result "1-0"]
[WhiteElo "2048"]
[BlackElo "1920"]
[Opening "King's Indian: Averbakh system"]
[ECO "E73"]
[Time "11:04:07"]
[TimeControl "2700+45"]

1. c4 d6 2. Nc3 Nf6 3. d4 g6 4. e4 Bg7 5. Be2 O-O 6. Bg5 c6 7. Qd2 a6 8. f3 b5
9. c5 dxc5 10. dxc5 Qxd2+ 11. Kxd2 Nbd7 12. Be3 Rd8 13. Kc2 e5 14. Nh3 Ne8 15.
b4 a5 16. a3 axb4 17. axb4 Bb7 18. Rhd1 Rxa1 19. Rxa1 Ra8 20. Rd1 Bc8 21. Kb2
Kf8 22. Nf2 Ke7 23. h4 Ndf6 24. g4 Be6 25. Nd3 Nd7 26. g5 Bc4 27. Nc1 Be6 28.
Rh1 Nb8 29. Bd1 Nd7 30. Bb3 Nf8 31. h5 Ra7 32. Bf2 Bxb3 33. Nxb3 Ne6 34. Na5 Rc7
35. hxg6 hxg6 36. Be3 f6 37. gxf6+ Nxf6 38. Rg1 Kf7 39. Rd1 Bf8 40. Nb3 Be7 41.
Ra1 Nd7 42. Ra6 Nb8 43. Ra8 Nd7 44. Na5 Bf6 45. Kc2 Ng5 46. Bxg5 Bxg5 47. Ra6
Nb8 48. Rb6 Rc8 49. Rxb8 Rxb8 50. Nxc6 Rf8 51. Nxe5+ Ke6 52. Nc6 Kd7 53. Nd4 Bf6
54. Ncxb5 Rb8 55. Kb3 Be5 56. Kc4 Rf8 57. Kd5 Bh2 58. c6+ Ke7 59. e5 Rd8+ 60.
Nd6 Bxe5 61. Kxe5 {Black resigns} 1-0

[Event "Team 45 45 League T72"]
[Site "Internet Chess Club"]
[Date "2017.03.19"]
[Round "1"]
[White "LinceHispano44"]
[Black "primerpaso"]
[Result "0-1"]
[WhiteElo "1770"]
[BlackElo "1808"]
[Opening "QGD: 4.Nf3"]
[ECO "D37"]
[Time "12:00:30"]
[TimeControl "2700+45"]

1. Nf3 d5 2. d4 Nf6 3. c4 e6 4. Nc3 Be7 5. cxd5 exd5 6. Bg5 O-O 7. e3 Nbd7 8.
Qc2 Re8 9. Bd3 Nf8 10. O-O c6 11. Bxf6 Bxf6 12. b4 Bg4 13. Nd2 Rc8 14. Rfc1 Be6
15. Rab1 Qe7 16. Nb3 b6 17. Ba6 Rc7 18. Nb5 Rd7 19. Qxc6 Bf5 20. Rb2 Qxb4 21.
Bc8 Rxc8 22. Qxc8 Qxb5 23. Qe8 Qd3 24. h3 Re7 25. Qa8 Qe4 26. Rbc2 g5 27. Rc6
Bg7 28. Qd8 Re6 29. R6c3 Rg6 30. Nd2 Bf6 31. Qa8 Qh4 32. Nf3 Qh5 33. Qxd5 g4 34.
e4 gxf3 35. exf5 Rxg2+ 36. Kf1 Qg5 37. Qxf3 Rg1+ 38. Ke2 Rxc1 39. Rxc1 Qxc1 40.
Qg4+ Qg5 41. Qe4 Qh5+ 42. f3 Qxh3 43. d5 Qh2+ 44. Kd3 Qe5 45. Qg4+ Kh8 46. Qc4
Qxf5+ {White resigns} 0-1

[Event "Team 45 45 League T72"]
[Site "Internet Chess Club"]
[Date "2017.03.18"]
[Round "1"]
[White "kabindra"]
[Black "bobhill"]
[Result "0-1"]
[WhiteElo "1746"]
[BlackElo "1879"]
[Opening "Sicilian: Smith-Morra gambit"]
[ECO "B21"]
[Time "18:14:40"]
[TimeControl "2700+45"]

1. e4 c5 2. d4 cxd4 3. c3 dxc3 4. Nxc3 Nc6 5. Nf3 d6 6. Bc4 a6 7. a4 Nf6 8. O-O
Bg4 9. Qb3 e6 10. Qxb7 Na5 11. Qb4 d5 12. Bb5+ axb5 13. Qxb5+ Qd7 14. e5 Ne4 15.
Nxe4 dxe4 16. Qxd7+ Kxd7 17. Nd2 Bf5 18. b4 Bxb4 19. Rd1 Ke7 {White resigns} 0-1

[Event "Team 45 45 League T72"]
[Site "Internet Chess Club"]
[Date "2017.03.19"]
[Round "1"]
[White "Beetlejuice"]
[Black "Portola"]
[Result "1/2-1/2"]
[WhiteElo "1773"]
[BlackElo "1789"]
[Opening "Catalan: closed, main line"]
[ECO "E09"]
[Time "10:01:10"]
[TimeControl "2700+45"]

1. d4 d5 2. c4 e6 3. Nf3 Nf6 4. g3 Be7 5. Bg2 O-O 6. O-O Nbd7 7. Qc2 c6 8. Nbd2
b6 9. e4 dxe4 10. Nxe4 Bb7 11. Rd1 Qc8 12. Bf4 Nxe4 13. Qxe4 Nf6 14. Qe2 Re8 15.
Rac1 c5 16. dxc5 Bxc5 17. Bd6 Qc6 18. Bxc5 bxc5 19. Rd3 Rad8 20. Rcd1 Rxd3 21.
Rxd3 e5 22. Nh4 e4 23. Qd2 Qe6 24. Rd6 Qe5 25. Qf4 Qxf4 26. gxf4 a5 27. Nf5 Kf8
28. Ne3 Nh5 29. Nd5 Bxd5 30. Rxd5 Nxf4 31. Rxc5 Rd8 32. Rxa5 Rd1+ 33. Bf1 Ne2+
34. Kg2 Nf4+ 35. Kg1 Ne2+ 36. Kg2 Nf4+ 37. Kg1 Ne2+ {Game drawn by repetition}
1/2-1/2

[Event "Team 45 45 League T72"]
[Site "Internet Chess Club"]
[Date "2017.03.17"]
[Round "1"]
[White "ChessHouston"]
[Black "room-matt"]
[Result "1-0"]
[WhiteElo "1888"]
[BlackElo "1865"]
[Opening "Ruy Lopez: Schliemann defense"]
[ECO "C63"]
[Time "13:00:27"]
[TimeControl "2700+45"]

1. e4 e5 2. Nf3 Nc6 3. Bb5 f5 4. d3 fxe4 5. dxe4 Nf6 6. O-O Bc5 7. Nc3 d6 8. Bg5
O-O 9. Bc4+ Kh8 10. Nd5 Na5 11. Be2 Be6 12. c3 c6 13. Nxf6 gxf6 14. Bh6 Rg8 15.
b4 Rg6 16. Bd2 Qg8 17. Ne1 Bb6 18. bxa5 Bxa5 19. Bf3 Bc4 20. Be2 Be6 21. g3 f5
22. exf5 Bxf5 23. Ng2 Bh3 24. Qb3 Bb6 25. Qxg8+ Raxg8 26. Kh1 Rf6 27. f4 e4 28.
Rfe1 Bxg2+ 29. Kxg2 e3 30. Bc1 Rxf4 31. Rf1 Rxf1 32. Kxf1 Rf8+ 33. Ke1 Rf2 34.
h4 Rg2 35. Ba3 d5 36. Bd6 Ba5 37. Be5+ Kg8 38. Rd1 Kf7 39. Rd3 Bb6 40. Bf4 Ke6
41. Bxe3 Bc7 42. Bf2 Bb6 43. Bxb6 axb6 44. Re3+ Kd6 45. Kf1 {Black resigns} 1-0

[Event "Team 45 45 League T72"]
[Site "Internet Chess Club"]
[Date "2017.03.17"]
[Round "1"]
[White "fishhead"]
[Black "IshanR"]
[Result "0-1"]
[WhiteElo "1649"]
[BlackElo "1905"]
[Opening "Sicilian: Sozin, Leonhardt variation"]
[ECO "B88"]
[Time "20:04:13"]
[TimeControl "2700+45"]

1. e4 c5 2. Nf3 d6 3. d4 cxd4 4. Nxd4 Nf6 5. Nc3 Nc6 6. Bc4 e6 7. O-O Be7 8. Be3
O-O 9. Bb3 a6 10. f4 Na5 11. e5 dxe5 12. fxe5 Nd5 13. Nxd5 exd5 14. c3 Nxb3 15.
Qxb3 Re8 16. Nf3 b5 17. Rad1 Bb7 18. Bd4 Qd7 19. Rd3 a5 20. Qd1 b4 21. Re3 Qe6
22. Ne1 bxc3 23. bxc3 Ba6 24. Nd3 Rab8 25. Rg3 Bxd3 26. Qxd3 Rb2 27. a4 Reb8 28.
Rh3 Qg6 29. Qf3 Rd8 30. Rg3 Qe6 31. Rg4 Ra2 32. Rf4 Rf8 33. Qd1 Qc6 34. Qf3 Qe6
35. Rf6 Bxf6 36. exf6 g6 37. Qg3 Qe4 38. Re1 Rxg2+ {White resigns} 0-1

[Event "Team 45 45 League T72"]
[Site "Internet Chess Club"]
[Date "2017.03.18"]
[Round "1"]
[White "zap2"]
[Black "Konstantinos"]
[Result "1-0"]
[WhiteElo "1753"]
[BlackElo "1640"]
[Opening "Réti opening"]
[ECO "A04"]
[Time "05:45:44"]
[TimeControl "2700+45"]

1. Nf3 d6 2. g3 Nf6 3. Bg2 e5 4. d3 Be7 5. O-O O-O 6. Nbd2 Nc6 7. e4 Bg4 8. h3
Bd7 9. c3 h6 10. Re1 Nh7 11. Nf1 f5 12. Ne3 fxe4 13. dxe4 Ng5 14. Nxg5 Bxg5 15.
Nd5 Rc8 16. h4 Bxc1 17. Rxc1 Qe8 18. Qb3 Qf7 19. Rf1 Na5 20. Ne7+ Kh8 21. Qxf7
Rxf7 22. Nxc8 Bxc8 23. f4 Nc4 24. Rf2 Bg4 25. Re1 Kh7 26. Bf1 Nb6 27. f5 Nd7 28.
Bc4 Rf8 29. a4 Nf6 30. a5 Rb8 31. Kg2 Rf8 32. b4 Rb8 33. Rb2 Nd7 34. Be6 Nf8 35.
Bc4 Nd7 36. Be2 Nf6 37. Bxg4 Nxg4 38. h5 Nf6 39. Kf3 Nxh5 40. Rh1 Nf6 41. g4 g5
42. Rbh2 Ng8 43. c4 Kg7 44. c5 dxc5 45. bxc5 Rd8 46. Rb2 Rd3+ 47. Ke2 Rc3 48.
Rxb7 Rxc5 49. Rxa7 Nf6 50. Ra6 Nxg4 51. Rg6+ Kf7 52. a6 Ra5 53. Kf3 Nf6 54.
Rhxh6 Ra3+ 55. Ke2 Ra2+ 56. Kd3 Ra3+ 57. Kc2 Rxa6 58. Rh7+ Kf8 59. Rxc7 Rd6 60.
Rh6 Kg8 61. Rxf6 Rxf6 62. Re7 Rd6 63. Rxe5 Kf7 64. Rd5 Ra6 65. Kd3 Ra4 66. Rd6
Ra1 67. Rg6 Rg1 68. Ke3 Re1+ 69. Kd4 Rg1 70. Ke5 Rg2 71. Ra6 Rb2 72. Ra7+ Kf8
73. Kf6 {Black resigns} 1-0